AoeStats
← soms88

Arena

510247187Analyzed
4v4 RM · 2d ago on Sep 30, 2026· 46m 30s· 8 players
Game mode
Random Map
Map size
Large (8 player)
Population
200
Speed
Normal
Resources
Standard
Victory
Conquest
Starting age
Dark Age
Ending age
Imperial Age
RankedLock teamsTeams togetherTeam positionsShared explorationLock speedFull tech treeHidden civsTurbo modeCheats
Victory
Defeat
🇲🇽 Mongols · Mexico
1124
+10
🇲🇽 Bohemians · Mexico
1023
+13
🇲🇽 Goths · Mexico
970
+15
🇲🇽 Britons · Mexico
926
+18
🇨🇦 Varangians · Canada
988
-15
🇨🇦 Spanish · Canada
975
-14
🇻🇳 Cumans · Vietnam
957
-14
🇹🇼 Spanish · Taiwan
932
-13
614Superdry
7:34 Loom
12:14 Feudal Age
16:37 Castle Age
14:52 Double-Bit Axe
15:00 Gold Mining
15:03 Stone Mining
14:54 Horse Collar
19:02 Wheelbarrow
20:21 Heavy Plow
21:24 Fervor
24:28 Bow Saw
25:19 Hand Cart
25:38 Fletching
25:49 Padded Archer Armor
26:50 Bodkin Arrow
27:21 Ballistics
32:45 Imperial Age
32:36 Leather Archer Armor
32:39 Husbandry
32:49 Bloodlines
34:37 Chemistry
33:40 Light Cavalry
34:46 Bracer
35:16 Ring Archer Armor
36:03 Elite Conquistador
37:04 Conscription
37:44 Hussar
39:56 Forging
39:51 Scale Barding Armor
40:19 Elite Skirmisher
41:04 Thumb Ring
42:32 Two-Man Saw
44:20 Iron Casting
44:05 Chain Barding Armor
John
9:36 Loom
11:22 Feudal Age
12:26 Horse Collar
12:35 Double-Bit Axe
16:18 Castle Age
15:25 Horse Collar
15:41 Gold Mining
15:57 Loom
18:42 Loom
24:39 Scale Barding Armor
25:19 Forging
27:53 Wheelbarrow
27:53 Bloodlines
27:43 Husbandry
29:27 Hand Cart
30:34 Heavy Plow
31:46 Iron Casting
31:31 Chain Barding Armor
35:14 Imperial Age
34:22 Bow Saw
34:51 Stone Mining
36:09 Gambesons
36:25 Squires
36:27 Scale Mail Armor
36:49 Conscription
37:09 Crop Rotation
36:42 Heavy Scorpion
38:30 Arson
39:05 Murder Holes
39:22 Masonry
42:16 Chain Mail Armor
43:02 Blast Furnace
41:29 Light Cavalry
43:41 Fletching
43:51 Padded Archer Armor
44:55 Elite Skirmisher
閒雲野鶴
5:23 Loom
10:40 Feudal Age
11:24 Double-Bit Axe
14:11 Horse Collar
19:47 Castle Age
18:02 Gold Mining
19:10 Stone Mining
20:55 Bow Saw
21:07 Forging
21:01 Heavy Plow
22:24 Wheelbarrow
22:38 Stone Shaft Mining
25:27 Ballistics
26:31 Iron Casting
27:03 Elite Skirmisher
32:24 Imperial Age
31:21 Hand Cart
31:03 Elite Skirmisher
31:39 Fletching
32:08 Bloodlines
32:05 Husbandry
32:44 Bodkin Arrow
32:50 Padded Archer Armor
33:42 Conscription
34:29 Chemistry
35:13 Elite Conquistador
37:47 Blast Furnace
36:48 Bracer
37:04 Leather Archer Armor
37:54 Two-Man Saw
40:35 Ring Archer Armor
41:59 Light Cavalry
42:48 Scale Barding Armor
43:00 Hussar
44:57 Bombard Tower
45:00 Chain Barding Armor
toilet gaming
9:07 Loom
11:22 Feudal Age
16:26 Castle Age
15:23 Double-Bit Axe
15:20 Horse Collar
15:52 Stone Mining
23:51 Town Watch
25:21 Gold Mining
25:23 Fletching
27:44 Bodkin Arrow
29:51 Wheelbarrow
31:12 Masonry
32:42 Gold Shaft Mining
36:25 Imperial Age
35:58 Scale Barding Armor
37:15 Bloodlines
38:00 Hand Cart
39:38 Chemistry
39:01 Ballistics
40:45 Onager
41:38 Padded Archer Armor
42:14 Chain Barding Armor
41:54 Murder Holes
41:46 Onager
42:55 Bow Saw
42:46 Heavy Plow
victor.abascal96
10:52 Feudal Age
11:27 Horse Collar
11:35 Double-Bit Axe
15:55 Stone Mining
17:56 Wheelbarrow
21:18 Castle Age
19:06 Loom
25:24 Hand Cart
26:10 Anarchy
26:26 Forging
26:16 Scale Mail Armor
26:08 Fletching
26:24 Gold Mining
27:06 Bow Saw
26:59 Heavy Plow
27:18 Squires
31:32 Stone Shaft Mining
32:08 Iron Casting
31:48 Chain Mail Armor
31:29 Bodkin Arrow
31:34 Padded Archer Armor
31:05 Pikeman
36:45 Imperial Age
38:38 Blast Furnace
37:44 Perfusion
37:05 Elite Huskarl
39:21 Conscription
40:00 Man-at-Arms
dollivier9
11:45 Feudal Age
12:29 Double-Bit Axe
12:27 Horse Collar
13:53 Loom
14:21 Town Watch
22:10 Castle Age
20:32 Fletching
21:38 Padded Archer Armor
24:35 Wheelbarrow
24:12 Bow Saw
24:05 Heavy Plow
23:59 Crossbowman
25:14 Fervor
32:11 Chemistry
34:43 Imperial Age
33:27 Elite Skirmisher
37:21 Bodkin Arrow
37:41 Leather Archer Armor
39:11 Bracer
39:41 Ring Archer Armor
43:42 Ballistics
43:30 Siege Engineers
44:33 Two-Man Saw
45:11 Hand Cart
patrick.ollivier.leal
12:23 Feudal Age
16:03 Castle Age
14:31 Double-Bit Axe
14:41 Stone Mining
15:03 Horse Collar
17:12 Wheelbarrow
17:15 Loom
24:08 Heavy Plow
24:21 Bow Saw
24:03 Gold Mining
29:40 Imperial Age
28:31 Hand Cart
29:00 Fletching
29:12 Padded Archer Armor
29:49 Gold Shaft Mining
28:41 Crossbowman
29:45 Arbalester
31:17 Bodkin Arrow
31:41 Leather Archer Armor
32:00 Ballistics
32:44 Chemistry
33:56 Conscription
34:16 Yeomen
34:53 Bracer
35:25 Ring Archer Armor
38:32 Warwolf
soms88
9:19 Feudal Age
13:58 Castle Age
11:43 Horse Collar
11:55 Double-Bit Axe
13:54 Stone Mining
15:47 Stone Shaft Mining
23:32 Bow Saw
24:32 Wheelbarrow
24:11 Heavy Plow
25:21 Fletching
25:56 Loom
26:25 Gold Mining
26:33 Bodkin Arrow
28:01 Hand Cart
28:35 Padded Archer Armor
30:08 Bloodlines
29:59 Husbandry
30:10 Thumb Ring
30:33 Leather Archer Armor
31:01 Ballistics
35:00 Imperial Age
33:45 Forging
33:40 Scale Barding Armor
33:01 Light Cavalry
35:01 Elite Mangudai
35:48 Bracer
37:21 Chemistry
37:12 Drill
36:17 Capped Ram
37:34 Siege Ram
Connection lost

Rejoining the realm…

Still unreachable

The connection could not be restored.

Session expired

The server has moved on; the page needs a fresh start.